 Dungeon Crawl Stone Soup version 0.18.1-50-g88ac8fd (webtiles) character file.

119 Peloso the Covered (level 4, -2/35 HPs)
             Began as a Demonspawn Fighter on Oct 18, 2016.
             Slain by Menkaure (6 damage)
             ... on level 4 of the Dungeon.
             The game lasted 00:06:28 (2415 turns).

Peloso the Covered (Demonspawn Fighter)             Turns: 2415, Time: 00:06:29

Health: -2/35      AC: 10    Str: 17    XL:     4   Next: 74%
Magic:  4/4        EV:  5    Int:  9    God:
Gold:   91         SH:  9    Dex: 13    Spells: 0 memorised, 3 levels left

rFire  . . .     SeeInvis .     a - +0 long sword
rCold  . . .     Gourm    .     v - +0 chain mail
rNeg   . . .     Faith    .     c - +0 shield
rPois  .         Spirit   .     (no helmet)
rElec  .         Dismiss  .     s - +0 cloak
rCorr  .         Reflect  .     (no gloves)
SustAt .         Harm     .     (no boots)
MR     .....                    (no amulet)
Stlth  ..........               (no ring)
                                (no ring)

@: not resistant to hostile enchantments, extremely unstealthy
A: hooves 2, demonic guardian 1
a: no special abilities


You were on level 4 of the Dungeon.
You were not hungry.

You visited 1 branch of the dungeon, and saw 4 of its levels.

You collected 91 gold pieces.

Inventory:

Hand Weapons
 a - a +0 long sword (weapon)
Armour
 b - a +0 scale mail
 c - a +0 shield (worn)
 s - a +0 cloak (worn)
 v - a +0 chain mail (worn)
Wands
 x - a wand of digging (1/24)
Scrolls
 i - 2 scrolls of immolation {unknown}
 m - 3 scrolls of enchant weapon {unknown}
 n - a scroll of remove curse {unknown}
 o - a scroll of recharging {unknown}
 p - 3 scrolls of identify {unknown}
 u - a scroll of magic mapping {unknown}
 w - a scroll of noise {unknown}
 y - 2 scrolls of teleportation {unknown}
 B - a scroll of blinking {unknown}
 F - a scroll of enchant armour {unknown}
Potions
 d - a potion of might
 e - a potion of heal wounds {unknown}
 g - 4 potions of curing {unknown}
 j - a potion of berserk rage {unknown}
 k - a potion of resistance {unknown}
 q - a potion of flight {unknown}
 r - a potion of agility {unknown}
 t - a potion of degeneration {unknown}
 z - a potion of beneficial mutation {unknown}
 C - a potion of magic {unknown}
 D - a potion of mutation {unknown}
 H - a potion of ambrosia {unknown}
Comestibles
 f - 4 bread rations
 h - 2 beef jerkies
 l - 4 fruits
 E - a meat ration
 G - a royal jelly


   Skills:
 + Level 3.5 Fighting
 + Level 2.2 Long Blades
 + Level 3.6 Armour
 + Level 1.2 Dodging
 + Level 3.4 Shields


You had 3 spell levels left.
You didn't know any spells.

Dungeon Overview and Level Annotations

Branches:
Dungeon (4/15)
 Temple: D:4-7

Altars:
Gozag
Pakellas
Vehumet
Xom

Annotations:
D:4 Menkaure


Innate Abilities, Weirdness & Mutations

You have hoof-like feet.
A weak demonic guardian rushes to your aid.


Message History

Menkaure is severely damaged.
Menkaure hits you but does no damage.
Your crimson imp blinks!
Menkaure hits you!
Your chain mail prevents you from hitting Menkaure.
You kick Menkaure, but do no damage.
Menkaure is severely damaged.
Menkaure barely misses you.
You slash Menkaure! You kick Menkaure, but do no damage.
Menkaure is almost destroyed.
Menkaure hits you!
You hit Menkaure but do no damage. You kick Menkaure, but do no damage.
Menkaure is almost destroyed.
Menkaure hits you!
* * * LOW HITPOINT WARNING * * *
You barely miss Menkaure.
Menkaure is almost destroyed.
Your crimson imp blinks!
Menkaure hits you.
You die...

###### #...?..
#.....# #5....#
#.....# #....ยง#
#.####.....#######.
#..........@......?
##<.....M...?..
###.#?........
...#.........
##############


You could see Menkaure and a friendly crimson imp.

Vanquished Creatures
  3 adders
  A worm (D:2)
  A dart slug (D:2)
  5 giant geckos
  2 orcs (D:3)
  8 bats
  2 giant cockroaches (D:3)
  7 goblins
  6 hobgoblins
  A quokka (D:2)
  A ball python (D:2)
  3 giant newts
  14 kobolds
  4 rats
58 creatures vanquished.

Vanquished Creatures (collateral kills)
  An orc wizard (D:3)
  A giant newt (D:3)
2 creatures vanquished.

Grand Total: 60 creatures vanquished

Notes
Turn   | Place    | Note
--------------------------------------------------------------
     0 | D:1      | Peloso the Demonspawn Fighter began the quest for the Orb.
     0 | D:1      | Reached XP level 1. HP: 18/18 MP: 1/1
   687 | D:1      | Gained mutation: You have large cloven feet. [demonic ancestry]
   687 | D:1      | Reached XP level 2. HP: 18/24 MP: 2/2
  1061 | D:2      | Gained mutation: A weak demonic guardian rushes to your aid. [demonic ancestry]
  1061 | D:2      | Reached XP level 3. HP: 20/29 MP: 3/3
  1416 | D:2      | Found an oddly glowing altar of Pakellas.
  1733 | D:3      | Reached skill level 1 in Dodging
  1793 | D:3      | Gained mutation: You have hoof-like feet. [demonic ancestry]
  1793 | D:3      | Reached XP level 4. HP: 23/35 MP: 4/4
  1934 | D:3      | Found an opulent altar of Gozag.
  2355 | D:3      | Found a radiant altar of Vehumet.
  2357 | D:3      | Found a shimmering altar of Xom.
  2405 | D:4      | Noticed Menkaure
  2415 | D:4      | Slain by Menkaure

Skill      XL: |  1  2  3  4 |
---------------+-------------+-----
Shields        | 3 |  3.4
Armour         | 3 |  3.6
Dodging        | 1 |  1.2
Long Blades    | 2 |  2.2
Fighting       | |  3.5

Action                   |  1- 3 |  4- 6 || total
-------------------------+-------+-------++-------
Melee: Long sword        |   148 |    78 ||   226
       Kick              |    14 |    22 ||    36
  Eat: Chunk             |     3 |     2 ||     5
Armor: Scale mail        |    55 |       ||    55
       Chain mail        |    29 |    69 ||    98
Dodge: Dodged            |    39 |    32 ||    71
Block: Shield            |    87 |    55 ||   142
